| TOP OF THE 1ST |
|
Waterbury Rough Riders batting - Pitching for Pawtucket Paw Sox : RHP Wayne Anderson
|
|
Pitching: RHP Wayne Anderson
|
|
|
Batting: RHB David Corman
|
0-0: Foul Ball, location: 2F 0-1: Fly out, F2 (Popup, 2LF, EV 83.8 MPH)
|
|
Batting: RHB Jack Fimple
|
0-0: Swinging Strike 0-1: Ball 1-1: Foul Ball, location: 2F 1-2: Strikes out looking
|
|
Batting: RHB Billy Beane
|
0-0: SOLO HOME RUN (Flyball, 7LD, EV 112.5 MPH), Distance : 363 ft
|
|
Batting: RHB john W Russell
|
0-0: Ball 1-0: Foul Ball, location: 2F 1-1: Ball 2-1: Fly out, F7 (Flyball, 7S, EV 73.1 MPH)
|
| Top of the 1st over - 1 run, 1 hit, 0 errors, 0 left on base; Waterbury 1 - Pawtucket 0 |
| BOTTOM OF THE 1ST |
|
Pawtucket Paw Sox batting - Pitching for Waterbury Rough Riders : LHP Ravelo Manzanillo
|
|
Pitching: LHP Ravelo Manzanillo
|
|
|
Batting: LHB Dave Haberle
|
0-0: Ground out 6-3 (Groundball, 6M, EV 96.3 MPH)
|
|
Batting: LHB Steven Garcia
|
0-0: Called Strike 0-1: Ball 1-1: Ball 2-1: Foul Ball, location: 2F 2-2: DOUBLE (Flyball, 8RXD, EV 107.5 MPH)
|
|
Batting: RHB Brick Smith
|
0-0: Ball 1-0: SINGLE (Line Drive, 56D, EV 99.4 MPH) Steven Garcia to third Runner from 3rd tries for Home, SAFE, throw by LF to home
|
|
Batting: RHB Dave Malpeso
|
0-0: Ball 1-0: SINGLE (Line Drive, 56D, EV 110.6 MPH) Brick Smith to second
|
|
Batting: LHB Jeff Stone
|
0-0: Ball 1-0: Ball 2-0: Foul Ball, location: 2F 2-1: Ball 3-1: Foul Ball, location: 2F 3-2: Base on Balls Brick Smith to third Dave Malpeso to second
|
|
Batting: RHB Robert Duran
|
0-0: Foul Ball, location: 2F 0-1: Ball 1-1: Ball 2-1: Ball 3-1: SINGLE (Groundball, 34D, EV 95.0 MPH) Brick Smith scores Dave Malpeso to third Jeff Stone to second Runner from 3rd tries for Home, SAFE, throw by RF to home
|
|
Batting: LHB David Wiggins
|
0-0: Ball 1-0: Foul Ball, location: 2F 1-1: Ball 2-1: Ball Jeff Stone steals 3rd base Robert Duran to second 3-1: Ground out U3 (Groundball, 3, EV 102.5 MPH)
|
|
Batting: RHB Gary Hargis
|
0-0: Foul Ball, location: 2F 0-1: Ball 1-1: Ground out 4-3 (Groundball, 34, EV 77.5 MPH)
|
| Bottom of the 1st over - 3 runs, 4 hits, 0 errors, 2 left on base; Waterbury 1 - Pawtucket 3 |
| TOP OF THE 2ND |
|
Waterbury Rough Riders batting - Pitching for Pawtucket Paw Sox : RHP Wayne Anderson
|
|
Batting: RHB Dave Wilder
|
0-0: Swinging Strike 0-1: Foul Ball, location: 2F 0-2: Ball 1-2: Ball 2-2: Ground out 4-3 (Groundball, 4, EV 97.5 MPH)
|
|
Batting: LHB David Blume
|
0-0: Ball 1-0: Ball 2-0: Called Strike 2-1: Foul Ball, location: 2F 2-2: Ball 3-2: Base on Balls
|
|
Batting: RHB Daniel Purpura
|
0-0: Called Strike 0-1: Called Strike 0-2: Ball 1-2: Ball 2-2: Foul Ball, location: 2F 2-2: Foul Ball, location: 2F 2-2: Fly out, F8 (Flyball, 8RM, EV 93.1 MPH)
|
|
Batting: LHB Wilson Tucker
|
0-0: Ball 1-0: Ball 2-0: Called Strike 2-1: Fielders Choice at 2nd, 5-4 (Groundball, 5, EV 81.9 MPH)
|
| Top of the 2nd over - 0 runs, 0 hits, 0 errors, 1 left on base; Waterbury 1 - Pawtucket 3 |
| BOTTOM OF THE 2ND |
|
Pawtucket Paw Sox batting - Pitching for Waterbury Rough Riders : LHP Ravelo Manzanillo
|
|
Batting: RHB Lenny Faedo
|
0-0: Ball 1-0: Called Strike 1-1: Ball 2-1: Ground out 6-3 (Groundball, P, EV 82.5 MPH)
|
|
Batting: LHB Dave Haberle
|
0-0: Called Strike 0-1: Ball 1-1: Ground out 6-3 (Groundball, 6M, EV 83.8 MPH)
|
|
Batting: LHB Steven Garcia
|
0-0: Ball 1-0: SINGLE (Groundball, 34S, EV 72.5 MPH) (infield hit)
|
|
Batting: RHB Brick Smith
|
0-0: Ball 1-0: Ball 2-0: Fielders Choice at 2nd, 6-4 (Groundball, 6, EV 85.0 MPH)
|
| Bottom of the 2nd over - 0 runs, 1 hit, 0 errors, 1 left on base; Waterbury 1 - Pawtucket 3 |
| TOP OF THE 3RD |
|
Waterbury Rough Riders batting - Pitching for Pawtucket Paw Sox : RHP Wayne Anderson
|
|
Batting: RHB Joseph Pocoroba
|
0-0: Ball 1-0: Called Strike 1-1: Ball 2-1: Swinging Strike 2-2: Fly out, F6 (Popup, 6M, EV 60.0 MPH)
|
|
Batting: RHB David Corman
|
0-0: Ball 1-0: Ball 2-0: Foul Ball, location: 2F 2-1: Ball 3-1: Base on Balls
|
|
Batting: RHB Jack Fimple
|
0-0: Ball 1-0: Fly out, F3 (Popup, 3S, EV 90.0 MPH)
|
|
Batting: RHB Billy Beane
|
0-0: Ball 1-0: Ball 2-0: Called Strike 2-1: Foul Ball, location: 2F 2-2: Ball 3-2: SINGLE (Groundball, 6MD, EV 105.6 MPH) David Corman to second David Corman to third
|
|
Batting: RHB john W Russell
|
0-0: Ball 1-0: Called Strike 1-1: Ball 2-1: Ball 3-1: Called Strike 3-2: SINGLE (Groundball, 6MD, EV 106.9 MPH) David Corman scores Billy Beane to second Billy Beane to third
|
|
Batting: RHB Dave Wilder
|
0-0: Ball 1-0: Ball 2-0: Swinging Strike 2-1: Ball 3-1: Base on Balls john W Russell to second
|
|
Batting: LHB David Blume
|
0-0: Ball 1-0: Ball 2-0: Called Strike 2-1: Fly out, F9 (Flyball, 9S, EV 90.0 MPH)
|
| Top of the 3rd over - 1 run, 2 hits, 0 errors, 3 left on base; Waterbury 2 - Pawtucket 3 |
| BOTTOM OF THE 3RD |
|
Pawtucket Paw Sox batting - Pitching for Waterbury Rough Riders : LHP Ravelo Manzanillo
|
|
Batting: RHB Dave Malpeso
|
0-0: Ball 1-0: Swinging Strike 1-1: Ball 2-1: Ball 3-1: Ground out 4-3 (Groundball, 4, EV 81.3 MPH)
|
|
Batting: LHB Jeff Stone
|
0-0: Ball 1-0: Fly out, F6 (Flyball, 6MD, EV 88.1 MPH)
|
|
Batting: RHB Robert Duran
|
0-0: Ground out 6-3 (Groundball, 6S, EV 76.3 MPH)
|
| Bottom of the 3rd over - 0 runs, 0 hits, 0 errors, 0 left on base; Waterbury 2 - Pawtucket 3 |
| TOP OF THE 4TH |
|
Waterbury Rough Riders batting - Pitching for Pawtucket Paw Sox : RHP Wayne Anderson
|
|
Batting: RHB Daniel Purpura
|
0-0: Fly out, F9 (Flyball, 9S, EV 85.0 MPH)
|
|
Batting: LHB Wilson Tucker
|
0-0: Fly out, F8 (Flyball, 8RM, EV 87.5 MPH)
|
|
Batting: RHB Joseph Pocoroba
|
0-0: Ball 1-0: Swinging Strike 1-1: Ball 2-1: Ground out 4-3 (Groundball, 4, EV 100.0 MPH)
|
| Top of the 4th over - 0 runs, 0 hits, 0 errors, 0 left on base; Waterbury 2 - Pawtucket 3 |
| BOTTOM OF THE 4TH |
|
Pawtucket Paw Sox batting - Pitching for Waterbury Rough Riders : LHP Ravelo Manzanillo
|
|
Batting: LHB David Wiggins
|
0-0: Ball 1-0: Ball 2-0: Swinging Strike 2-1: Foul Ball, location: 2F 2-2: Foul Ball, location: 2F 2-2: Foul Ball, location: 2F 2-2: Strikes out swinging
|
|
Batting: RHB Gary Hargis
|
0-0: DOUBLE (Groundball, 3L, EV 108.1 MPH)
|
|
Batting: RHB Lenny Faedo
|
0-0: Called Strike 0-1: Ball 1-1: Ball 2-1: Ball 3-1: Base on Balls
|
|
Batting: LHB Dave Haberle
|
0-0: Ball 1-0: Ball 2-0: Ball 3-0: Base on Balls Gary Hargis to third Lenny Faedo to second
|
|
Batting: LHB Steven Garcia
|
0-0: Foul Ball, location: 2F 0-1: Foul Ball, location: 2F 0-2: Grounds into fielders choice 1-2 (Groundball, P, EV 63.1 MPH) Lenny Faedo to third Dave Haberle to second
|
|
Batting: RHB Brick Smith
|
0-0: Ball 1-0: Ball 2-0: Ball 3-0: Called Strike 3-1: Swinging Strike 3-2: Foul Ball, location: 2F 3-2: Base on Balls Lenny Faedo scores Dave Haberle to third Steven Garcia to second
|
|
Batting: RHB Dave Malpeso
|
0-0: Swinging Strike 0-1: Fly out, F9 (Flyball, 89S, EV 90.0 MPH)
|
| Bottom of the 4th over - 1 run, 1 hit, 0 errors, 3 left on base; Waterbury 2 - Pawtucket 4 |
| TOP OF THE 5TH |
|
Waterbury Rough Riders batting - Pitching for Pawtucket Paw Sox : RHP Wayne Anderson
|
|
Batting: RHB David Corman
|
0-0: SINGLE (Line Drive, 3D, EV 95.6 MPH)
|
|
Batting: RHB Jack Fimple
|
0-0: Foul Ball, location: 2F 0-1: Ball 1-1: Fly out, F9 (Flyball, 9, EV 83.8 MPH)
|
|
Batting: RHB Billy Beane
|
0-0: Ball 1-0: Reached on error, E5 (Groundball, 56, EV 104.4 MPH) David Corman to second
|
|
Batting: RHB john W Russell
|
0-0: Ball 1-0: Fly out, F8 (Flyball, 8LD, EV 83.1 MPH)
|
|
Batting: RHB Dave Wilder
|
0-0: Ball 1-0: Ball 2-0: Called Strike 2-1: Ball 3-1: Called Strike 3-2: Ground out 4-3 (Groundball, 4, EV 101.3 MPH)
|
| Top of the 5th over - 0 runs, 1 hit, 1 error, 2 left on base; Waterbury 2 - Pawtucket 4 |
| BOTTOM OF THE 5TH |
|
Pawtucket Paw Sox batting - Pitching for Waterbury Rough Riders : LHP Ravelo Manzanillo
|
|
Batting: LHB Jeff Stone
|
0-0: Called Strike 0-1: Swinging Strike 0-2: Foul Ball, location: 2F 0-2: Fly out, F8 (Flyball, 8LM, EV 98.1 MPH)
|
|
Batting: RHB Robert Duran
|
0-0: Ball 1-0: Foul Ball, location: 2F 1-1: Ground out 5-3 (Groundball, 56, EV 77.5 MPH)
|
|
Batting: LHB David Wiggins
|
0-0: Ball 1-0: Reached on error, E5 (Groundball, 25, EV 85.0 MPH)
|
|
Batting: RHB Gary Hargis
|
0-0: Ball 1-0: Called Strike 1-1: Called Strike 1-2: Foul Ball, location: 2F 1-2: Ball 2-2: Ball 3-2: Foul Ball, location: 2F 3-2: Foul Ball, location: 2F 3-2: Base on Balls David Wiggins to second
|
|
Batting: RHB Lenny Faedo
|
0-0: Called Strike 0-1: Fly out, F8 (Flyball, 8RXD, EV 98.8 MPH)
|
| Bottom of the 5th over - 0 runs, 0 hits, 1 error, 2 left on base; Waterbury 2 - Pawtucket 4 |
| TOP OF THE 6TH |
|
Waterbury Rough Riders batting - Pitching for Pawtucket Paw Sox : RHP Wayne Anderson
|
|
Batting: LHB David Blume
|
0-0: Ball 1-0: Fly out, F8 (Flyball, 8LD, EV 93.8 MPH)
|
|
Batting: RHB Daniel Purpura
|
0-0: Ground out 6-3 (Groundball, 6, EV 103.8 MPH)
|
|
Batting: LHB Wilson Tucker
|
0-0: Foul Ball, location: 2F 0-1: Ball 1-1: Ball 2-1: Foul Ball, location: 2F 2-2: Ball 3-2: Base on Balls
|
|
Pitching: RHP Sam Bryan
|
|
|
Batting: RHB Joseph Pocoroba
|
0-0: Called Strike 0-1: Ball 1-1: Ball 2-1: Fly out, F6 (Line Drive, 6, EV 68.1 MPH)
|
| Top of the 6th over - 0 runs, 0 hits, 0 errors, 1 left on base; Waterbury 2 - Pawtucket 4 |
| BOTTOM OF THE 6TH |
|
Pawtucket Paw Sox batting - Pitching for Waterbury Rough Riders : LHP Ravelo Manzanillo
|
|
Batting: LHB Dave Haberle
|
0-0: Ball 1-0: Ball 2-0: Ball 3-0: Base on Balls
|
|
Batting: LHB Steven Garcia
|
0-0: Ball 1-0: Grounds into double play, 4-6-3 (Groundball, 4D, EV 80.6 MPH)
|
|
Batting: RHB Brick Smith
|
0-0: Ball 1-0: Called Strike 1-1: Ball 2-1: Foul Ball, location: 2F 2-2: Ball 3-2: Foul Ball, location: 2F 3-2: Foul Ball, location: 2F 3-2: Foul Ball, location: 2F 3-2: Strikes out swinging
|
| Bottom of the 6th over - 0 runs, 0 hits, 0 errors, 0 left on base; Waterbury 2 - Pawtucket 4 |
| TOP OF THE 7TH |
|
Waterbury Rough Riders batting - Pitching for Pawtucket Paw Sox : RHP Sam Bryan
|
|
Batting: RHB David Corman
|
0-0: Ground out 4-3 (Groundball, 4S, EV 83.1 MPH)
|
|
Batting: RHB Jack Fimple
|
0-0: Foul Ball, location: 2F 0-1: Ball 1-1: Fly out, F8 (Flyball, 8LD, EV 97.5 MPH)
|
|
Batting: RHB Billy Beane
|
0-0: Foul Ball, location: 2F 0-1: Called Strike 0-2: Fly out, F9 (Flyball, 9LS, EV 92.5 MPH)
|
| Top of the 7th over - 0 runs, 0 hits, 0 errors, 0 left on base; Waterbury 2 - Pawtucket 4 |
| BOTTOM OF THE 7TH |
|
Pawtucket Paw Sox batting - Pitching for Waterbury Rough Riders : LHP Ravelo Manzanillo
|
|
Batting: RHB Dave Malpeso
|
0-0: Called Strike 0-1: Swinging Strike 0-2: Ball 1-2: SINGLE (Groundball, 6MD, EV 110.6 MPH)
|
|
Batting: LHB Jeff Stone
|
0-0: Called Strike 0-1: Foul Ball, location: 2F 0-2: Strikes out swinging
|
|
Batting: RHB Robert Duran
|
0-0: Ball 1-0: Foul Ball, location: 2F 1-1: Ball 2-1: Called Strike 2-2: Ball 3-2: Grounds into double play, 4-6-3 (Groundball, 34, EV 96.9 MPH)
|
| Bottom of the 7th over - 0 runs, 1 hit, 0 errors, 0 left on base; Waterbury 2 - Pawtucket 4 |
| TOP OF THE 8TH |
|
Waterbury Rough Riders batting - Pitching for Pawtucket Paw Sox : RHP Sam Bryan
|
|
Batting: RHB john W Russell
|
0-0: Ball 1-0: SINGLE (Line Drive, 56D, EV 93.8 MPH)
|
|
Batting: RHB Dave Wilder
|
0-0: Foul Ball, location: 2F 0-1: Swinging Strike 0-2: Strikes out swinging
|
|
Batting: LHB David Blume
|
0-0: Called Strike 0-1: Ball 1-1: Ball 2-1: Foul Ball, location: 2F 2-2: Grounds into double play, 2-6-3 (Groundball, 2R, EV 75.6 MPH)
|
| Top of the 8th over - 0 runs, 1 hit, 0 errors, 0 left on base; Waterbury 2 - Pawtucket 4 |
| BOTTOM OF THE 8TH |
|
Pawtucket Paw Sox batting - Pitching for Waterbury Rough Riders : LHP Ravelo Manzanillo
|
|
Batting: LHB David Wiggins
|
0-0: Ground out U3 (Groundball, 34S, EV 83.8 MPH)
|
|
Batting: RHB Gary Hargis
|
0-0: Foul Ball, location: 2F 0-1: SINGLE (Groundball, 6M, EV 84.4 MPH) (infield hit)
|
|
Batting: RHB Lenny Faedo
|
0-0: Called Strike 0-1: Ball 1-1: Ball 2-1: Foul Ball, location: 2F 2-2: SINGLE (Groundball, 56D, EV 100.6 MPH) Gary Hargis to second
|
|
Batting: LHB Dave Haberle
|
0-0: Foul Ball, location: 2F 0-1: Called Strike 0-2: Ball 1-2: Foul Ball, location: 2F 1-2: Ball Wild Pitch! Gary Hargis to third Lenny Faedo to second 2-2: Fly out, F8 (Flyball, 8RM, EV 82.5 MPH) Runner from 3rd tags up, SCORES, throw by CF
|
|
Batting: LHB Steven Garcia
|
0-0: Foul Ball, location: 2F 0-1: Called Strike 0-2: Ball 1-2: Ground out 4-3 (Groundball, 4, EV 84.4 MPH)
|
| Bottom of the 8th over - 1 run, 2 hits, 0 errors, 1 left on base; Waterbury 2 - Pawtucket 5 |
| TOP OF THE 9TH |
|
Waterbury Rough Riders batting - Pitching for Pawtucket Paw Sox : RHP Sam Bryan
|
|
Pitching: RHP Terry McAnnally
|
|
|
Batting: RHB Daniel Purpura
|
0-0: Called Strike 0-1: Called Strike 0-2: Strikes out swinging
|
|
Batting: LHB Wilson Tucker
|
0-0: Ball 1-0: Ground out 6-3 (Groundball, 6, EV 107.5 MPH)
|
|
Batting: RHB Joseph Pocoroba
|
0-0: Ground out 4-3 (Groundball, 4MD, EV 76.3 MPH)
|
| Top of the 9th over - 0 runs, 0 hits, 0 errors, 0 left on base; Waterbury 2 - Pawtucket 5 |
|